 Dungeon Crawl Stone Soup version 0.26-a0-259-g1effd001a9 (webtiles) character file.

Game seed: 4586880833385116882

16 tilp the Charmwright (level 2, 0/19 HPs)
             Began as a Halfling Skald on July 27, 2020.
             Slain by a dart slug (1 damage)
             ... on level 1 of the Dungeon.
             The game lasted 00:01:05 (544 turns).

tilp the Charmwright (Halfling Skald)                Turns: 544, Time: 00:01:06

Health: 0/19       AC:  3    Str: 12    XL:     2   Next: 75%
Magic:  0/5        EV: 14    Int: 11    God:
Gold:   24         SH:  0    Dex: 13    Spells: 2/5 levels left

rFire    . . .     SeeInvis .   a - +0 falchion
rCold    . . .     Faith    .   (shield restricted)
rNeg     . . .     Spirit   .   b - +0 leather armour
rPois    .         Reflect  .   (no helmet)
rElec    .         Harm     .   (no cloak)
rCorr    .                      (no gloves)
MR       .....                  (no boots)
Stlth    +.........             (no amulet)
HPRegen  0.06/turn              (no ring)
MPRegen  0.09/turn              (no ring)

@: infused (expiring), very slightly contaminated
A: small, mutation resistance 1
a: no special abilities


You were on level 1 of the Dungeon.
You were not hungry.

You visited 1 branch of the dungeon, and saw 1 of its levels.

You collected 24 gold pieces.

Inventory:

Hand Weapons
 a - a +0 falchion (weapon)
Armour
 b - a +0 leather armour (worn)
Scrolls
 e - a scroll of remove curse {unknown}
 f - a scroll of teleportation {unknown}
Potions
 c - 3 potions of brilliance {unknown}
 g - a potion of lignification {unknown}
Comestibles
 d - 4 rations


   Skills:
 - Level 1.7 Fighting
 - Level 2.0 Long Blades
 - Level 1.1 Armour
 - Level 2.1 Dodging
 - Level 2.0 Spellcasting
 + Level 3.9 Charms


You had 2 spell levels left.
You knew the following spells:

 Your Spells              Type           Power        Failure   Level
a - Infusion              Chrm           #...         8%          1
b - Song of Slaying       Chrm           #.......     12%         2

Your spell library contained the following spells:

 Spells                   Type           Power        Failure   Level
 Shroud of Golubria       Chrm/Tloc      #.....       26%         2
 Ozocubu's Armour         Chrm/Ice       #.......     45%         3
 Spectral Weapon          Hex/Chrm       #.......     45%         3


Dungeon Overview and Level Annotations

Branches:
Dungeon (1/15)

Altars:


Innate Abilities, Weirdness & Mutations

You are small and have problems with some larger weapons.
You are somewhat resistant to further mutation.


Message History

You completely miss the hobgoblin.
The hobgoblin is severely wounded.
The hobgoblin hits you.
* * * LOW HITPOINT WARNING * * *
You closely miss the hobgoblin.
The hobgoblin is severely wounded.
The hobgoblin completely misses you.
You riposte.
You hit the hobgoblin.
You kill the hobgoblin!
You hit the dart slug!
The dart slug is almost dead.
Your magical infusion is running out.
The dart slug bites you.
* * * LOW HITPOINT WARNING * * *
You see here a hobgoblin corpse.
You hit the dart slug.
The dart slug is almost dead.
The dart slug bites you.
* * * LOW HITPOINT WARNING * * *
The dart slug bites you.
You die...

#.$#..# . #..#..# #
##.####..#..###.#. ..
...............
#.##[.........w#
#..........# #..#.#.##.##
........# #.....w...#
.#..[...###..#.#@##.#
................w##.#
.......###..#.####.#
#.....# #..#.# #.#
#.....###..#.# #.#
#..........#.####.#
..#...#†####.#...##.#######
.....†....)................
......##............#######


You could see 2 dart slugs.

Vanquished Creatures
  A leopard gecko (D:1)
  A ball python (D:1)
  4 goblins (D:1)
  3 hobgoblins (D:1)
  A frilled lizard (D:1)
  2 kobolds (D:1)
  2 rats (D:1)
14 creatures vanquished.

Notes
Turn   | Place    | Note
-------+----------+-------------------------------------------
     0 | D:1      | tilp the Halfling Skald began the quest for the Orb.
     0 | D:1      | Reached XP level 1. HP: 14/14 MP: 3/3
   226 | D:1      | Reached XP level 2. HP: 16/19 MP: 2/4
   230 | D:1      | Learned a level 2 spell: Song of Slaying
   544 | D:1      | Slain by a dart slug

Illustrated notes

Levels and vault maps discovered:
D:1:      mushboom_english_gardens, layout_basic, wad_floor_pattern_2

Skill      XL: |  1  2 |
---------------+-------+-----
Spellcasting   | 2 |  2.0
Fighting       | |  1.7
Long Blades    | |  2.0
Armour         | |  1.1
Dodging        | |  2.1
Charms         | |  3.9

Action                   || total
-------------------------++-------
Melee: Falchion          ||    30
 Cast: Infusion          ||     9
Armor: Leather armour    ||     4
Dodge: Dodged            ||    21
       Rpst.: Falchion   ||     7

Table legend:
 A = Non-vault XP
 B = Vault XP
 C = Vault XP percentage of total XP
 D = Non-vault monster count
 E = Vault monster count
 F = Vault count percentage of total count
                 A         B        C        D         E       F
            +---------+---------+-------+---------+---------+-------
      Total |      24 |       0 |   0.0 |      14 |       0 |   0.0
            +---------+---------+-------+---------+---------+-------
        D:1 |      24 |       0 |   0.0 |      14 |       0 |   0.0
            +---------+---------+-------+---------+---------+-------
